 Dungeon Crawl Stone Soup version 0.27-a0-808-g60bc5d92e6 (webtiles) character file.

Game seed: 2109587199363120290

257 Defined the Fighter (level 6, -3/61 HPs)
             Began as a Gnoll Wanderer on Mar 28, 2021.
             Was a Follower of Makhleb.
             Slain by an ogre
             ... wielding a +0 giant club
              (22 damage)
             ... on level 4 of the Dungeon.
             The game lasted 00:06:38 (3465 turns).

Defined the Fighter (Gnoll Wanderer)                Turns: 3465, Time: 00:06:39

Health: -3/61      AC:  4    Str: 16    XL:     6   Next: 16%
Magic:  8/8        EV: 11    Int: 11    God:    Makhleb [*.....]
Gold:   133        SH:  0    Dex:  9    Spells: 8/8 levels left

rFire    . . .     SeeInvis .   a - +2 mace
rCold    . . .     Faith    .   (no shield)
rNeg     . . .     Spirit   .   r - +0 leather armour
rPois    .         Reflect  .   (no helmet)
rElec    .         Harm     .   q - +0 cloak
rCorr    .         Rampage  .   (no gloves)
Will     .....                  (no boots)
Stlth    ++........             (no amulet)
HPRegen  0.20/turn              j - ring of flight
MPRegen  0.11/turn              s - +4 ring of slaying

@: flying
A: fangs 1, strong nose, distributed training
a: Renounce Religion


You were on level 4 of the Dungeon.
You worshipped Makhleb.
Makhleb was aware of your devotion.
You visited 1 branch of the dungeon, and saw 4 of its levels.

You collected 133 gold pieces.

Inventory:

Hand Weapons
 a - a +2 mace (weapon)
 b - a +0 hand crossbow
Missiles
 c - 24 bolts
Armour
 e - a +0 robe
 q - a +0 cloak (worn)
 r - a +0 leather armour (worn)
Jewellery
 j - a ring of flight (left hand)
 s - a +4 ring of slaying (right hand)
Scrolls
 d - a scroll of teleportation
 g - 2 scrolls of amnesia {unknown}
 h - 2 scrolls of vulnerability {unknown}
 k - 3 scrolls of enchant weapon {unknown}
 l - a scroll of enchant armour {unknown}
 m - a scroll of immolation {unknown}
 n - 3 scrolls of identify {unknown}
 o - 2 scrolls of fear {unknown}
 t - a scroll of silence {unknown}
Potions
 f - a potion of heal wounds
 p - 2 potions of haste {unknown}


   Skills:
 + Level 10.5 Fighting
 + Level 1.8 Short Blades
 + Level 1.8 Long Blades
 + Level 1.8 Axes
 + Level 4.9 Maces & Flails
 + Level 1.8 Polearms
 + Level 1.8 Staves
 + Level 1.8 Slings
 + Level 1.8 Bows
 + Level 1.8 Crossbows
 + Level 1.8 Throwing
 + Level 1.8 Armour
 + Level 1.8 Dodging
 + Level 3.0 Stealth
 + Level 1.8 Shields
 + Level 3.1 Unarmed Combat
 + Level 1.8 Spellcasting
 + Level 1.4 Conjurations
 + Level 1.4 Hexes
 + Level 1.4 Summonings
 + Level 1.4 Necromancy
 + Level 1.4 Translocations
 + Level 1.4 Transmutations
 + Level 1.4 Fire Magic
 + Level 1.4 Ice Magic
 + Level 1.4 Air Magic
 + Level 1.4 Earth Magic
 + Level 1.4 Poison Magic
 + Level 2.0 Invocations
 + Level 3.1 Evocations


You had 8 spell levels left.
You didn't know any spells.
Your spell library contained the following spells:

 Spells                   Type           Power      Damage    Failure   Level
 Confusing Touch          Hex            4%         N/A       52%         3
 Gell's Gravitas          Tloc           2%         N/A       52%         3
 Petrify                  Tmut/Erth      4%         N/A       90%         4
 Metabolic Englaciation   Hex/Ice        2%         N/A       99%         5
 Yara's Violent Unravell  Hex/Tmut       2%         3d3       99%         5


Dungeon Overview and Level Annotations

Branches:
Dungeon (4/15)
 Temple: D:4-7

Altars:
Makhleb


Innate Abilities, Weirdness & Mutations

You have very sharp teeth.
Your uncanny sense of smell can sniff out nearby items.
Your experience applies equally to all skills.


Message History

The ball python grabs you. The ball python constricts you.
The ball python bites you but does no damage.
The ball python constricts you.
You thump the ball python!
You kill the ball python!
Makhleb accepts your kill.
No target in view!
You see here a ball python corpse.
g - 2 scrolls labelled JOPENIOWUOX (gained 1)
An ufetubus comes into view.
The ufetubus shouts!
No target in view!
No target in view!
An ufetubus is nearby!
You hit the ufetubus.
You bite the ufetubus, but do no damage.
The ufetubus is severely wounded.
The ufetubus barely misses you. x2; The ufetubus hits you.
The ufetubus closely misses you.
You hit the ufetubus.
You kill the ufetubus!
Makhleb accepts your kill.
Found a stone staircase leading down.
There is a stone staircase leading down here.
An ogre comes into view. It is wielding a +0 giant club.
The ogre shouts!
The ogre hits you with a +0 giant club!
You hit the ogre. You bite the ogre, but do no damage.
The ogre is lightly wounded.
The ogre barely misses you. The ogre hits you with a +0 giant club!
You hit the ogre.
The ogre is moderately wounded.
The ogre hits you with a +0 giant club!!
You hit the ogre.
The ogre is heavily wounded.
The ogre hits you with a +0 giant club.
You hit the ogre. You bite the ogre.
The ogre is almost dead.
The ogre hits you with a +0 giant club!!
You die...

## #.###..#.....# .#
#.#.........##
.###.#.#..####.###
..†.............>#
.....###...###.#.###
.........#.........#
#######..#..##.#.#.#
# #######..#.#.# .
#......@# # #
.....#.O# ##
........# .#
.###.#..# ### #.....
... ##.#.# ... ....#
#....#∆


You could see an ogre.

Vanquished Creatures
  Duvessa (D:4)
  Dowan (D:4)
  2 adders
  An ufetubus (D:4)
  An adder skeleton (D:4)
  2 worms (D:3)
  A dart slug (D:3)
  3 bats
  5 endoplasms
  5 giant cockroaches
  6 hobgoblins
  3 jackals (D:1)
  5 kobolds
  3 quokkas
  6 ball pythons
  2 frilled lizards
  4 goblins
  5 rats
56 creatures vanquished.

Notes
Turn   | Place    | Note
-------+----------+-------------------------------------------
     0 | D:1      | Reached skill level 10 in Fighting
     0 | D:1      | Defined the Gnoll Wanderer began the quest for the Orb.
     0 | D:1      | Defined set off with the following items: a +2 mace, a +0
                  | hand crossbow, 24 bolts, a scroll of teleportation, a +0
                  | robe
     0 | D:1      | Reached XP level 1. HP: 28/28 MP: 1/1
   309 | D:1      | Reached XP level 2. HP: 35/36 MP: 2/2
  1065 | D:2      | Reached XP level 3. HP: 34/42 MP: 3/3
  1481 | D:2      | Reached skill level 1 in Invocations
  1706 | D:3      | Noticed an orc warrior
  1706 | D:3      | Noticed a gnoll sergeant
  1909 | D:3      | Reached skill level 1 in Short Blades
  1909 | D:3      | Reached skill level 1 in Long Blades
  1909 | D:3      | Reached skill level 1 in Axes
  1909 | D:3      | Reached skill level 1 in Polearms
  1909 | D:3      | Reached skill level 1 in Staves
  1909 | D:3      | Reached skill level 1 in Slings
  1909 | D:3      | Reached skill level 1 in Bows
  1909 | D:3      | Reached skill level 1 in Crossbows
  1909 | D:3      | Reached skill level 1 in Throwing
  1909 | D:3      | Reached skill level 1 in Armour
  1909 | D:3      | Reached skill level 1 in Dodging
  1909 | D:3      | Reached skill level 1 in Shields
  1909 | D:3      | Reached skill level 1 in Spellcasting
  2016 | D:3      | Found a faded altar of an unknown god.
  2023 | D:3      | Became a worshipper of Makhleb the Destroyer
  2023 | D:3      | Reached * piety under Makhleb
  2189 | D:3      | Reached XP level 4. HP: 48/48 MP: 5/5
  2720 | D:4      | Noticed Duvessa
  2742 | D:4      | Noticed Dowan
  2976 | D:4      | Killed Duvessa
  2977 | D:4      | Reached skill level 1 in Conjurations
  2977 | D:4      | Reached skill level 1 in Hexes
  2977 | D:4      | Reached skill level 1 in Summonings
  2977 | D:4      | Reached skill level 1 in Necromancy
  2977 | D:4      | Reached skill level 1 in Translocations
  2977 | D:4      | Reached skill level 1 in Transmutations
  2977 | D:4      | Reached skill level 1 in Fire Magic
  2977 | D:4      | Reached skill level 1 in Ice Magic
  2977 | D:4      | Reached skill level 1 in Air Magic
  2977 | D:4      | Reached skill level 1 in Earth Magic
  2977 | D:4      | Reached skill level 1 in Poison Magic
  2977 | D:4      | Reached XP level 5. HP: 10/54 MP: 5/7
  3228 | D:4      | Killed Dowan
  3229 | D:4      | Reached XP level 6. HP: 39/61 MP: 8/8
  3465 | D:4      | Slain by an ogre

Illustrated notes

Levels and vault maps discovered:
D:1:      mrwooster_arrival_arrow, layout_basic, serial_corexii_hall,
          corexii_hall_statues_l, corexii_hall_statues_l
D:2:      layout_basic, minmay_misc_feat_square
D:3:      layout_basic, chequers_ecumenical_altar_simple, roderic_lattice_a,
          roderic_serpentine_path, lightli_corner_chamber
D:4:      layout_basic, minmay_hedge_maze, eino_curves_02,
          kennysheep_minor_cross, hex_large, uniq_duvessa

Skill      XL: |  1  2  3  4  5 |
---------------+----------------+-----
Fighting       | | 10.5
Invocations    | 1 2 |  2.0
Short Blades   | 1 |  1.8
Long Blades    | 1 |  1.8
Axes           | 1 |  1.8
Polearms       | 1 |  1.8
Staves         | 1 |  1.8
Slings         | 1 |  1.8
Bows           | 1 |  1.8
Crossbows      | 1 |  1.8
Throwing       | 1 |  1.8
Armour         | 1 |  1.8
Dodging        | 1 |  1.8
Shields        | 1 |  1.8
Spellcasting   | 1 |  1.8
Unarmed Combat | 3 |  3.1
Conjurations   | 1 |  1.4
Hexes          | 1 |  1.4
Summonings     | 1 |  1.4
Necromancy     | 1 |  1.4
Translocations | 1 |  1.4
Transmutations | 1 |  1.4
Fire Magic     | 1 |  1.4
Ice Magic      | 1 |  1.4
Air Magic      | 1 |  1.4
Earth Magic    | 1 |  1.4
Poison Magic   | 1 |  1.4
Evocations     | 3 |  3.1
Stealth        | 3 |  3.0
Maces & Flails | |  4.9

Action                   |  1- 3 |  4- 6 || total
-------------------------+-------+-------++-------
Melee: Mace              |    98 |    69 ||   167
       Bite              |     4 |     7 ||    11
       Punch             |       |     1 ||     1
  Use: Potion            |       |     2 ||     2
 Stab: Sleeping          |     3 |     2 ||     5
Armor: Robe              |    20 |       ||    20
       Leather armour    |       |    11 ||    11
Dodge: Dodged            |    60 |    32 ||    92

Table legend: (Time is in decaauts)
 A = Elapsed time spent in this place.
 B = Non-inter-level travel time spent in this place.
 C = Inter-level travel time spent in this place.
 D = Time resting spent in this place.
 E = Time spent auto-exploring this place.
 F = Levels seen in this place.
 G = Mean time per level.
                   A        B        C        D        E       F      G
               +--------+--------+--------+--------+--------+-----+--------+
         Total |   3495 |   3332 |    163 |    562 |   2127 |   4 |  873.8 |
       Dungeon |   3495 |   3332 |    163 |    562 |   2127 |   4 |  873.8 |
               +--------+--------+--------+--------+--------+-----+--------+

Top non-repeatable levels by time:
     D:3: 1470 daAuts
     D:1: 918 daAuts
     D:2: 748 daAuts
     D:4: 357 daAuts
